 Dungeon Crawl Stone Soup version 0.24-a0-584-g9d6b971ae4 (webtiles) character file.

Game seed: 7846393024912188607, levelgen mode: deterministic

693 Gynju the Thaumaturge (level 7, -3/36 HPs)
             Began as a Deep Elf Conjurer on Sept 6, 2019.
             Was an Initiate of Vehumet.
             Shot with an arrow by a centaur (10 damage)
             ... on level 5 of the Dungeon.
             The game lasted 00:08:34 (5543 turns).

Gynju the Thaumaturge (Deep Elf Conjurer)           Turns: 5543, Time: 00:08:34

Health: -3/36      AC:  6    Str:  5      XL:     7   Next: 37%
Magic:  17/20      EV: 13    Int: 22      God:    Vehumet [......]
Gold:   279        SH:  0    Dex: 14 (15) Spells: 8/22 levels left

rFire    . . .     SeeInvis .   b - +0 whip
rCold    . . .     Gourm    .   (no shield)
rNeg     + . .     Faith    .   a - +1 robe
rPois    .         Spirit   .   (no helmet)
rElec    .         Reflect  .   (no cloak)
rCorr    .         Harm     .   (no gloves)
MR       .....                  l - +2 pair of boots
Stlth    ++........             (no amulet)
HPRegen  0.12/turn              m - ring of wizardry
MPRegen  0.17/turn              n - ring of positive energy

@: no status effects
A: no striking features
a: Renounce Religion


You were on level 5 of the Dungeon.
You worshipped Vehumet.
Vehumet was noncommittal.
You were not hungry.

You visited 2 branches of the dungeon, and saw 6 of its levels.

You collected 279 gold pieces.

Inventory:

Hand Weapons
 b - a +0 whip (weapon)
Armour
 a - a +1 robe (worn)
 l - a +2 pair of boots (worn)
Jewellery
 m - a ring of wizardry (left hand)
 n - a ring of positive energy (right hand)
Wands
 k - a wand of paralysis (8)
Scrolls
 d - 3 scrolls of remove curse {@r2}
 e - a scroll of magic mapping {unknown}
 f - 4 scrolls of teleportation
 p - 2 scrolls of fog
Potions
 g - a potion of flight
 h - a potion of cancellation
 i - a potion of berserk rage
 j - a potion of mutation
 r - a potion of lignification
 u - a potion of agility {unknown}
Comestibles
 c - 8 rations


   Skills:
 - Level 2.4 Dodging
 - Level 2.4 Stealth
 + Level 8.1 Spellcasting
 + Level 7.7 Conjurations


You had 8 spell levels left.
You knew the following spells:

 Your Spells              Type           Power        Failure   Level  Hunger
a - Magic Dart            Conj           ####         1%          1    None
b - Searing Ray           Conj           #####.       1%          2    None
c - Dazzling Spray        Conj/Hex       ####..       1%          3    None
d - Fulminant Prism       Conj/Hex       ####......   6%          4    ###....
e - Force Lance           Conj/Tloc      ####....     6%          4    ###....

Your spell library contained the following spells:

 Spells                   Type           Power        Failure   Level  Hunger
 Iskenderun's Mystic Bla  Conj           #####...     1%          4    ###....
 Infusion                 Chrm           #...         3%          1    None
 Shroud of Golubria       Chrm/Tloc      #.....       4%          2    None
 Song of Slaying          Chrm           #.......     4%          2    None
 Regeneration             Chrm/Necr      #.........   9%          3    None
 Spectral Weapon          Hex/Chrm       #.......     9%          3    None


Dungeon Overview and Level Annotations

Branches:
Dungeon (5/15)             Temple (1/1) D:5

Altars:
Dithmenos
Elyvilon
Fedhas
Gozag
Hepliaklqana
Kikubaaqudgha
Nemelex Xobeh
Qazlal
Ru
Trog
Uskayaw
Vehumet
Yredelemnul
The Shining One


Message History

The centaur is moderately wounded.
An ogre comes into view. It is wielding a +0 giant spiked club.
Casting: Magic Dart (safe; 1% risk of failure)
Confirm with . or Enter, or press ? or * to list all spells.
Aiming: Magic Dart (safe; 1% risk of failure)
Press: ? - help, Shift-Dir - straight line, f - ogre
Aim: an ogre, wielding a +0 giant spiked club The magic dart hits the ogre.
The ogre is lightly wounded.
There is an open door here.
You close the door.
An ogre opens the door.
The centaur shouts!
The centaur shoots an arrow.
The arrow hits you!
* * * LOW HITPOINT WARNING * * *
You see here an arrow.
You open the door.
The centaur shoots an arrow.
The arrow barely misses you.
The centaur shoots an arrow.
The arrow barely misses you.
The centaur shoots an arrow.
The arrow hits you!
You die...

........ #####.#.###.#
##.....# #.....#.# ...
##...# ###.#.#.# #.# #..##
#.#.#.# #.# ##...## #.#.#.#
###.# ##.....## ###....>#
#.#.####.......## #......##
.....##.........####...#..#
......'.....O..(@.........#
.....##..c......####......#
..O.####.......## #...##.#
#.### ##.....## #.#(##.# #.
##...## #>.....# #. ##'##
###.#### #. #.# #.# #O
#######.# #.# #c
........##### #.#


You could see an ogre and a centaur.

Vanquished Creatures
  Grinder (D:5)
  2 ogres (D:5)
  2 crimson imps
  2 bullfrog skeletons (D:4)
  A jelly (D:5)
  An iguana (D:4)
  A worker ant (D:3)
  A howler monkey skeleton (D:5)
  3 adders
  2 adder skeletons (D:4)
  3 worms (D:2)
  A dart slug (D:2)
  3 leopard geckos
  8 orcs
  2 ball pythons
  4 bats
  4 giant cockroaches
  4 goblins
  5 hobgoblins
  9 jackals
  3 quokkas
  6 frilled lizards
  9 kobolds
  A quokka skeleton (D:5)
  7 rats
85 creatures vanquished.

Vanquished Creatures (others)
  5 fulminant prisms (D:4)
5 creatures vanquished.

Grand Total: 90 creatures vanquished

Notes
Turn   | Place    | Note
-------+----------+-------------------------------------------
     0 | D:1      | Gynju the Deep Elf Conjurer began the quest for the Orb.
     0 | D:1      | Reached XP level 1. HP: 10/10 MP: 6/6
   304 | D:1      | Reached XP level 2. HP: 12/15 MP: 1/8
  1392 | D:2      | Reached skill level 4 in Spellcasting
  1519 | D:2      | Reached skill level 5 in Conjurations
  1519 | D:2      | Reached XP level 3. HP: 19/19 MP: 7/10
  1649 | D:2      | Learned a level 2 spell: Searing Ray
  1653 | D:2      | Learned a level 3 spell: Dazzling Spray
  2013 | D:2      | Reached XP level 4. HP: 24/24 MP: 4/12
  2613 | D:3      | Reached skill level 5 in Spellcasting
  3311 | D:4      | Learned a level 4 spell: Fulminant Prism
  3374 | D:4      | Reached XP level 5. HP: 19/28 MP: 2/14
  3450 | D:3      | HP: 1/28 [worker ant (6)]
  4112 | D:4      | Found a sparkling altar of Nemelex Xobeh.
  4151 | D:4      | Reached skill level 6 in Spellcasting
  4430 | D:4      | Reached XP level 6. HP: 23/32 MP: 0/17
  4645 | D:5      | Entered Level 5 of the Dungeon
  4923 | D:5      | Found a staircase to the Ecumenical Temple.
  4975 | D:5      | Noticed Grinder
  4975 | D:5      | Paralysed by Grinder for 4 turns
  4990 | D:5      | Killed Grinder
  4990 | D:5      | Reached skill level 7 in Spellcasting
  4990 | D:5      | Reached XP level 7. HP: 19/36 MP: 0/20
  5032 | Temple   | Entered the Ecumenical Temple
  5192 | Temple   | Became a worshipper of Vehumet
  5210 | D:5      | Learned a level 4 spell: Force Lance
  5405 | D:5      | Reached skill level 8 in Spellcasting
  5543 | D:5      | Shot with an arrow by a centaur

Levels and vault maps discovered:
D:1:      minmay_arrival_plants_in_alcoves, layout_basic
D:2:      layout_loops_ring, grunt_ministairs_2, minmay_misc_feat_pillars,
          bh_walls_and_bars
D:3:      layout_loops_ring, first_ration, hangedman_decor_slide_cut
D:4:      layout_gridville, nemelex_spade_bored_becter
D:5:      layout_loops_corners, temple_green, patterned_corridor, uniq_grinder
Temple:   eino_temple_lava

Skill      XL: |  1  2  3  4  5  6  7 |
---------------+----------------------+-----
Spellcasting   | 4 5 6 7 8 |  8.1
Conjurations   | 5 6 7 |  7.7
Dodging        | |  2.4
Stealth        | |  2.4

Action                   |  1- 3 |  4- 6 |  7- 9 || total
-------------------------+-------+-------+-------++-------
Melee: Unarmed           |     7 |       |       ||     7
       Whip              |     6 |    19 |       ||    25
 Cast: Magic Dart        |    76 |    80 |    19 ||   175
       Fulminant Prism   |       |     5 |       ||     5
       Searing Ray       |       |     2 |       ||     2
       Dazzling Spray    |       |     9 |     4 ||    13
       Force Lance       |       |       |     1 ||     1
  Use: Scroll            |       |    10 |       ||    10
       Potion            |       |     5 |       ||     5
  Eat: Chunk             |     3 |     9 |       ||    12
       Ration            |       |       |     1 ||     1
Armor: Robe              |       |    11 |       ||    11
Dodge: Dodged            |    18 |    45 |     8 ||    71

Table legend:
 A = Non-vault XP
 B = Vault XP
 C = Vault XP percentage of total XP
 D = Non-vault monster count
 E = Vault monster count
 F = Vault count percentage of total count
                 A         B        C        D         E       F
            +---------+---------+-------+---------+---------+-------
      Total |     712 |     278 |  28.1 |      82 |       3 |   3.5
            +---------+---------+-------+---------+---------+-------
        D:1 |      27 |       0 |   0.0 |      16 |       0 |   0.0
        D:2 |      64 |      16 |  20.0 |      26 |       2 |   7.1
        D:3 |      70 |       0 |   0.0 |      15 |       0 |   0.0
        D:4 |     203 |       0 |   0.0 |      18 |       0 |   0.0
        D:5 |     348 |     262 |  43.0 |       7 |       1 |  12.5
            +---------+---------+-------+---------+---------+-------
